 Dungeon Crawl Stone Soup version 0.22-a0-374-g5dfd9e3 (webtiles) character file.

1422 ohad the Insei (level 8, 0/56 HPs)
             Began as a Demonspawn Gladiator on Apr 25, 2018.
             Was a Believer of Okawaru.
             Succumbed to a gnoll sergeant's poison
             ... on level 5 of the Dungeon on Apr 26, 2018.
             The game lasted 00:12:34 (5918 turns).

ohad the Insei (Demonspawn Gladiator)               Turns: 5918, Time: 00:12:35

Health: 0/56       AC:  8    Str: 15    XL:     8   Next: 44%
Magic:  10/10      EV: 16    Int:  9    God:    Okawaru [**....]
Gold:   316        SH:  0    Dex: 22    Spells: 7/7 levels left

rFire    + . .     SeeInvis +   a - +0 long sword
rCold    + . .     Gourm    .   (no shield)
rNeg     . . .     Faith    .   s - +0 scale mail
rPois    +         Spirit   .   A - +0 hat {MR+}
rElec    +         Reflect  .   (no cloak)
rCorr    +         Harm     .   (no gloves)
MR       +....                  (no boots)
Stlth    ..........             (no amulet)
HPRegen  0.18/turn              o - ring of see invisible
MPRegen  0.12/turn              u - ring of loudness (curse)

@: agile, lethally poisoned (0 -> -2), resistant
A: claws 1, iridescent scales 1, spiny 1, rot immunity
a: Heroism, Renounce Religion


You were on level 5 of the Dungeon.
You worshipped Okawaru.
Okawaru was pleased with you.
You were not hungry.

You visited 1 branch of the dungeon, and saw 5 of its levels.
You also visited: Sewer.

You collected 316 gold pieces.

Inventory:

Hand Weapons
 a - a +0 long sword (weapon)
 g - a +2 hand crossbow of velocity
Missiles
 d - 2 throwing nets (quivered)
 h - 5 javelins
 p - 10 poisoned needles
 y - 15 bolts
Armour
 b - a +0 leather armour
 c - a +0 helmet
 j - a +0 ring mail
 s - a +0 scale mail (worn)
 t - a +0 chain mail
 A - a +0 hat of magic resistance (worn)
Jewellery
 o - a ring of see invisible (left claw)
 u - a cursed ring of loudness (right claw)
 v - an uncursed ring of wizardry {unknown}
Scrolls
 i - 2 scrolls of remove curse {unknown}
 l - 3 scrolls of identify
 m - a scroll of enchant weapon {unknown}
 n - 2 scrolls of fear {unknown}
 q - a scroll of magic mapping {unknown}
 w - 2 scrolls of teleportation {unknown}
 x - a scroll of blinking {unknown}
 B - a scroll of enchant armour {unknown}
Potions
 e - 4 potions of might
 k - 2 potions of flight
Comestibles
 f - 9 rations
 z - a chunk of flesh


   Skills:
 - Level 2.0 Fighting
 - Level 6.3 Long Blades
 - Level 1.7 Throwing
 - Level 2.4 Armour
 - Level 2.6 Dodging
 + Level 6.4 Unarmed Combat
 - Level 3.6 Invocations


You had 7 spell levels left.
You didn't know any spells.

Dungeon Overview and Level Annotations

Branches:
Dungeon (5/15)
 Temple: D:4-7

Altars:
Ashenzari
Fedhas
Kikubaaqudgha
Makhleb
Okawaru
Qazlal
Sif Muna
Wu Jian

Shops:
D:4 :

Annotations:
D:2 2 transporters


Innate Abilities, Weirdness & Mutations

You have sharp fingernails.
You are partially covered in iridescent scales. (AC +2)
You are partially covered in sharp spines.
You are immune to rotting.


Message History

You feel sick.
Items here: )) [ †† a flail; a scale mail; a spear of venom; a gnoll corpse x2
* * * LOW HITPOINT WARNING * * *
You feel sick.
Things that are here:
a flail; a war axe; a gnoll corpse
* * * LOW HITPOINT WARNING * * *
You feel sick.
Things that are here:
a flail; a war axe; a gnoll corpse
Items here: )) [ †† a flail; a scale mail; a spear of venom; a gnoll corpse x2
* * * LOW HITPOINT WARNING * * *
You feel sick.
* * * LOW HITPOINT WARNING * * *
You feel sick.
Items here: )) [ †† a flail; a scale mail; a spear of venom; a gnoll corpse x2
You die...

#.....#
##...
#.....# ##.#
#....<# #.#
##.....# #.#
#......# #+#
#.##.####
#.≈≈≈≈≈≈≈≈≈#
#)≈##≈≈≈##≈#
#@≈######
#.≈≈#...#
#...'..)#
##≈≈#...#
#≈###### #≈#
#≈≈ ###


There were no monsters in sight!

Vanquished Creatures
  An ice beast (D:5)
  The ghost of VDreamerV the Insei, an amateur OpTm (D:4)
  9 big kobolds (Sewer)
  A gnoll sergeant (D:5)
  A scorpion (D:3)
  A hound (D:4)
  An orc priest (D:4)
  An orc wizard (D:4)
  An iguana (D:5)
  5 worker ants
  7 gnolls
  10 adders
  2 river rats (Sewer)
  5 oozes (Sewer)
  An adder skeleton (D:4)
  4 worms
  2 dart slugs (D:1)
  A leopard gecko (D:2)
  4 orcs
  10 bats
  8 giant cockroaches
  3 hobgoblins
  10 jackals
  A quokka (D:2)
  7 ball pythons
  6 frilled lizards
  8 goblins
  7 kobolds
  2 quokka skeletons
  7 rats
  A fungus (D:1)
128 creatures vanquished.

Notes
Turn   | Place    | Note
-------+----------+-------------------------------------------
     0 | D:1      | ohad the Demonspawn Gladiator began the quest for the Orb.
     0 | D:1      | Reached XP level 1. HP: 16/16 MP: 1/1
   117 | D:1      | Gained mutation: You are immune to rotting. [demonic ancestry]
   117 | D:1      | Reached XP level 2. HP: 9/22 MP: 2/2
   729 | D:1      | Reached XP level 3. HP: 24/27 MP: 3/3
  1217 | D:2      | Found a transporter.
  1219 | D:2      | Noticed a sky beast
  1220 | D:2      | Noticed a hippogriff
  1221 | D:2      | Found an ornate altar of the Wu Jian Council.
  1312 | D:2      | Reached XP level 4. HP: 28/33 MP: 4/4
  1636 | D:2      | Found a stormy altar of Qazlal.
  1636 | D:2      | Found an iron altar of Okawaru.
  1658 | D:2      | Became a worshipper of Warmaster Okawaru
  2091 | D:2      | Found a burning altar of Makhleb.
  2096 | D:2      | Found an ancient bone altar of Kikubaaqudgha.
  2266 | D:2      | Found a transporter.
  2418 | D:3      | Reached skill level 5 in Long Blades
  2548 | D:3      | Gained mutation: You are partially covered in iridescent scales. (AC +2) [demonic ancestry]
  2548 | D:3      | Reached XP level 5. HP: 38/38 MP: 5/5
  2824 | D:3      | Found a shattered altar of Ashenzari.
  3088 | D:4      | Upgraded the game from 0.22-a0-373-gab1296c to 0.22-a0-374-g5dfd9e3
  3116 | D:4      | Noticed a phantom
  3295 | D:4      | Found a glowing drain.
  3317 | Sewer    | Entered a sewer
  3454 | Sewer    | Gained mutation: You are partially covered in sharp spines. [demonic ancestry]
  3454 | Sewer    | Reached XP level 6. HP: 40/44 MP: 6/6
  3519 | Sewer    | Reached * piety under Okawaru
  3807 | Sewer    | Reached skill level 1 in Armour
  3931 | Sewer    | Gained mutation: You have sharp fingernails. [demonic ancestry]
  3931 | Sewer    | Reached XP level 7. HP: 45/50 MP: 9/9
  3947 | Sewer    | Reached skill level 1 in Unarmed Combat
  4072 | Sewer    | Reached ** piety under Okawaru
  4447 | D:4      | Noticed VDreamerV's ghost (amateur OpTm)
  4482 | D:4      | Killed VDreamerV's ghost
  4827 | D:4      | Reached XP level 8. HP: 53/56 MP: 10/10
  4927 | D:4      | Found Ubahu's Book Boutique.
  5146 | D:4      | Found a deep blue altar of Sif Muna.
  5161 | D:4      | Reached skill level 5 in Unarmed Combat
  5569 | D:5      | Entered Level 5 of the Dungeon
  5588 | D:5      | Found a blossoming altar of Fedhas.
  5912 | D:5      | HP: 2/56 [poisoned by a gnoll sergeant]
  5918 | D:5      | Succumbed to a gnoll sergeant's poison

Vault maps used:
D:1:      dpeg_arrival_radiant, minmay_gold_behind_fungi,
          minmay_misc_feat_hallway, minivault_23, st_stairs_10
D:2:      gammafunk_temple_overflow_arena,
          chequers_temple_overflow_statue_of_worship, minitemple
D:3:      overflow_temple_1_default, first_ration, dk_noncrumbling_4
D:4:      kennysheep_little_box, cheibrodos_sewer_entry_sluice, serial_shops,
          shop
D:5:      old_standard_altar, lemuel_round_altar, dancing_weapons_uskayaw,
          minmay_temple_entry_from_below_a, lightli_minifort, uniq_grinder
Sewer:    sewer_co_tree

Skill      XL: |  1  2  3  4  5  6  7  8 |
---------------+-------------------------+-----
Long Blades    | 3 4 5 6 |  6.3
Invocations    | 3 |  3.6
Armour         | 2 |  2.4
Unarmed Combat | 4 6 |  6.4
Fighting       | |  2.0
Throwing       | |  1.7
Dodging        | |  2.6

Action                   |  1- 3 |  4- 6 |  7- 9 || total
-------------------------+-------+-------+-------++-------
Melee: Long sword        |    99 |   228 |   142 ||   469
       Punch             |       |       |     1 ||     1
Throw: Javelin           |       |     3 |       ||     3
       Throwing net      |       |     1 |       ||     1
Invok: Heroism           |       |       |     3 ||     3
  Use: Scroll            |       |     3 |       ||     3
       Potion            |       |       |     2 ||     2
 Stab: Sleeping          |     2 |       |       ||     2
  Eat: Chunk             |     1 |     9 |     7 ||    17
Armor: Leather armour    |     9 |       |       ||     9
       Ring mail         |    48 |    29 |       ||    77
       Scale mail        |       |    42 |    37 ||    79
Dodge: Dodged            |    84 |   122 |    59 ||   265
       Rpst.: Long sword |    27 |    39 |    19 ||    85

Table legend:
 A = Spawn XP
 B = Non-spawn XP
 C = Spawn XP percentage of total XP
 D = Spawn monster count
 E = Non-spawn monster count
 F = Spawn count percentage of total count
 G = Total turns spent on level
                    A         B        C        D         E        F      G
               +---------+---------+-------+---------+---------+-------+---------
         Total |       0 |    2032 |   0.0 |       0 |     127 |   0.0 |  5918
               +---------+---------+-------+---------+---------+-------+---------
           D:1 |       0 |      50 |   0.0 |       0 |      28 |   0.0 |  1156
           D:2 |       0 |     106 |   0.0 |       0 |      25 |   0.0 |  1219
           D:3 |       0 |     102 |   0.0 |       0 |      13 |   0.0 |   709
           D:4 |       0 |     443 |   0.0 |       0 |      22 |   0.0 |  1362
           D:5 |       0 |     355 |   0.0 |       0 |      11 |   0.0 |   349
         Sewer |       0 |     976 |   0.0 |       0 |      28 |   0.0 |  1123
               +---------+---------+-------+---------+---------+-------+---------
